 Dungeon Crawl Stone Soup version 0.21.1-1-g345015f (webtiles) character file.

4616 snakesoul the Geomancer (level 10, -22/56 HPs)
             Began as a Gargoyle Earth Elementalist on June 24, 2018.
             Was a Priest of Vehumet.
             Annihilated by a phantasmal warrior (30 damage)
             ... led by a death knight
             ... on level 8 of the Dungeon.
             The game lasted 00:27:32 (10401 turns).

snakesoul the Geomancer (GrEE)                     Turns: 10401, Time: 00:27:33

Health: -22/56     AC: 10    Str: 11    XL:     10   Next: 42%
Magic:  1/31       EV: 13    Int: 20    God:    Vehumet [***...]
Gold:   359        SH:  0    Dex: 10    Spells: 7/25 levels left

rFire    . . .     SeeInvis .   j - +2 dagger (venom)
rCold    . . .     Gourm    .   (no shield)
rNeg     + . .     Faith    .   f - +0 robe
rPois    ∞         Spirit   .   x - +0 helmet
rElec    +         Reflect  .   (no cloak)
rCorr    .         Harm     .   (no gloves)
MR       .....                  (no boots)
Stlth    +++.......             J - amulet of magic regeneration
HPRegen  0.18/turn              I - ring of stealth
MPRegen  0.47/turn              w - ring of magical power

@: vulnerable, very slightly contaminated
A: negative energy resistance 1, electricity resistance, unbreathing,
petrification resistance, rot immunity, AC +7
a: Renounce Religion


You were on level 8 of the Dungeon.
You worshipped Vehumet.
Vehumet was most pleased with you.
You were very hungry.

You visited 2 branches of the dungeon, and saw 9 of its levels.

You collected 359 gold pieces.

Inventory:

Hand Weapons
 j - a +2 dagger of venom (weapon)
Missiles
 b - 213 stones (quivered)
Armour
 c - a +0 robe
 f - a +0 robe (worn)
 x - a +0 helmet (worn)
Jewellery
 w - a ring of magical power (right hand)
 I - a ring of stealth (left hand)
 J - an amulet of magic regeneration (around neck)
Wands
 A - a wand of random effects (13)
 E - a wand of flame (23)
 G - a wand of polymorph (24)
 H - a wand of acid (5)
Scrolls
 h - 3 scrolls of remove curse
 i - 9 scrolls of identify {unknown}
 k - 3 scrolls of magic mapping {unknown}
 l - 4 scrolls of teleportation {unknown}
 m - 2 scrolls of immolation {unknown}
 n - 3 scrolls of fear {unknown}
 q - a scroll of enchant armour {unknown}
 r - 2 scrolls of noise {unknown}
 t - 2 scrolls of fog {unknown}
 y - a scroll of blinking {unknown}
Potions
 a - a potion of might {unknown}
 g - 4 potions of flight {unknown}
 o - a potion of degeneration {unknown}
 p - a potion of haste {unknown}
 s - a potion of resistance {unknown}
 u - 2 potions of heal wounds {unknown}
 v - a potion of lignification {unknown}
 z - 2 potions of curing {unknown}
 B - a potion of ambrosia {unknown}
 C - a potion of magic {unknown}
 F - a potion of invisibility {unknown}
Books
 e - a book of Geomancy

   Spells                             Type                      Level
   a - Sandblast                      Earth                        1
   b - Passwall                       Transmutation/Earth          2
   c - Stone Arrow                    Conjuration/Earth            3
   d - Petrify                        Transmutation/Earth          4
   e - Lee's Rapid Deconstruction     Earth                        5
 D - a book of Frost

   Spells                             Type                      Level
   a - Freeze                         Ice                          1
   b - Throw Frost                    Conjuration/Ice              2
   c - Ozocubu's Armour               Charms/Ice                   3
   d - Throw Icicle                   Conjuration/Ice              4
   e - Summon Ice Beast               Ice/Summoning                4
Comestibles
 d - 16 rations
 K - 5 chunks of flesh


   Skills:
 + Level 3.3 Fighting
 + Level 3.1 Dodging
 - Level 2.1 Stealth
 + Level 8.2 Spellcasting
 - Level 0.7 Transmutations
 + Level 13.4 Earth Magic


You had 7 spell levels left.
You knew the following spells:

 Your Spells              Type           Power        Failure   Level  Hunger
a - Sandblast             Erth           ######       1%          1    None
b - Stone Arrow           Conj/Erth      #####.       1%          3    None
c - Passwall              Tmut/Erth      #####.....   1%          2    None
d - Petrify               Tmut/Erth      #####...     4%          4    ###....
e - Lee's Rapid Deconstr  Erth           ######....   1%          5    #####..
f - Conjure Flame         Conj/Fire      #.......     7%          3    None


Dungeon Overview and Level Annotations

Branches:
Dungeon (8/15)             Temple (1/1) D:4
   Lair: D:8-11

Altars:
Ashenzari
Cheibriados
Elyvilon
Gozag
Hepliaklqana
Kikubaaqudgha
Makhleb
Nemelex Xobeh
Okawaru
Qazlal
Ru
Sif Muna
Trog
Vehumet
Wu Jian
Xom
Yredelemnul
Zin
The Shining One

Shops:
D:7 ?

Annotations:
D:4 wojtek's ghost, novice MiFi


Innate Abilities, Weirdness & Mutations

You are resistant to torment.
Your stone body is resilient. (AC +7)
You are immune to poison.
You resist negative energy. (rN+)
You are resistant to electric shocks. (rElec)
You can survive without breathing.
You are immune to petrification.
You are immune to rotting.


Message History

Confirm with . or Enter, or press ? or * to list all spells.
Aiming: Sandblast
Press: ? - help, Shift-Dir - straight line, f/p - phantasmal warrior
Aim: a phantasmal warrior (severely damaged)
The blast of sand hits the phantasmal warrior.
The phantasmal warrior is severely damaged.
b - 214 stones The phantasmal warrior hits you!
* * * LOW HITPOINT WARNING * * *
Casting: Sandblast
Confirm with . or Enter, or press ? or * to list all spells.
Aiming: Sandblast
Press: ? - help, Shift-Dir - straight line, f/p - phantasmal warrior
Aim: a phantasmal warrior (severely damaged)
The blast of sand hits the phantasmal warrior.
The phantasmal warrior is severely damaged.
b - 213 stones The phantasmal warrior hits you!!
Ouch! That really hurt!
You die...

#.............#
#.....>...#####
#.........#
#.......##
##...[.##
##...#########
#...........
#..####W..###...
#W@# #._.......
#..####...###.##
#.........#
#.#####.#.# #.#
#.# #.# .# #..
.. ### ?#


You could see a phantasmal warrior.

Vanquished Creatures
  2 two-headed ogres (D:8)
  A moth of wrath (D:5)
  A spriggan (D:7)
  A sky beast (D:7)
  A black bear (D:8)
  An ice beast (D:7)
  An orc warrior (D:6)
  2 necrophages
  3 ogres
  3 centaurs
  5 bullfrogs
  A gnoll sergeant (D:6)
  3 scorpions
  A howler monkey (D:4)
  5 crimson imps
  A bullfrog zombie (D:5)
  2 orc priests
  2 hounds
  3 orc wizards
  A gnoll shaman (D:6)
  3 bullfrog skeletons
  2 centaur skeletons
  A jelly (D:4)
  Jessica (D:7)
  2 iguanas
  7 worker ants
  A hound zombie (D:5)
  A mummy (D:6)
  A worker ant zombie (D:5)
  15 gnolls
  10 adders
  2 adder skeletons
  7 worms
  5 dart slugs
  3 leopard geckos
  21 orcs
  3 ball pythons
  7 bats
  16 giant cockroaches
  3 hobgoblins
  3 jackals (D:6)
  A quokka (D:6)
  5 frilled lizards
  A giant cockroach zombie (D:5)
  2 goblins
  A jackal zombie (D:7)
  8 kobolds
  A leopard gecko skeleton (D:6)
  9 rats
182 creatures vanquished.

Vanquished Creatures (others)
  An adder (D:6)
1 creature vanquished.

Grand Total: 183 creatures vanquished

Notes
Turn   | Place    | Note
-------+----------+-------------------------------------------
     0 | D:1      | snakesoul the Gargoyle Earth Elementalist began the quest for the Orb.
     0 | D:1      | Reached XP level 1. HP: 10/10 MP: 3/3
   363 | D:1      | Reached XP level 2. HP: 15/15 MP: 3/5
   365 | D:1      | Reached skill level 4 in Earth Magic
   775 | D:2      | Noticed an ogre
   781 | D:2      | Killed an ogre
   781 | D:2      | Reached skill level 5 in Earth Magic
   781 | D:2      | Reached XP level 3. HP: 19/19 MP: 1/7
   781 | D:2      | Reached XP level 4. HP: 24/24 MP: 1/9
   874 | D:2      | Learned a level 3 spell: Stone Arrow
  1199 | D:2      | Found a stormy altar of Qazlal.
  1223 | D:2      | Reached XP level 5. HP: 28/28 MP: 3/10
  1229 | D:2      | Learned a level 2 spell: Passwall
  1546 | D:2      | Found a glowing golden altar of the Shining One.
  1546 | D:2      | Found a white marble altar of Elyvilon.
  1546 | D:2      | Found a glowing silver altar of Zin.
  1780 | D:3      | Learned a level 4 spell: Petrify
  2533 | D:3      | Noticed an orc warrior
  2579 | D:3      | Reached skill level 6 in Earth Magic
  3190 | D:4      | Reached XP level 6. HP: 24/32 MP: 2/12
  3699 | D:4      | Noticed wojtek's ghost (novice MiFi)
  3835 | D:4      | Reached skill level 7 in Earth Magic
  4243 | D:4      | Found a staircase to the Ecumenical Temple.
  4256 | D:4      | Reached XP level 7. HP: 26/36 MP: 3/13
  4555 | Temple   | Entered the Ecumenical Temple
  4754 | Temple   | Became a worshipper of Vehumet
  5017 | D:4      | Reached skill level 8 in Earth Magic
  5187 | D:5      | Entered Level 5 of the Dungeon
  5349 | D:5      | Learned a level 5 spell: Lee's Rapid Deconstruction
  5810 | D:5      | Noticed a moth of wrath
  5812 | D:5      | Found a bloodstained altar of Trog.
  5830 | D:5      | Killed a moth of wrath
  5830 | D:5      | Reached skill level 5 in Spellcasting
  5830 | D:5      | Reached skill level 9 in Earth Magic
  5830 | D:5      | Reached XP level 8. HP: 5/41 MP: 5/16
  6865 | D:6      | Reached * piety under Vehumet
  6865 | D:6      | Offered knowledge of Freeze by Vehumet.
  6882 | D:6      | Reached skill level 10 in Earth Magic
  7540 | D:6      | Reached skill level 11 in Earth Magic
  7540 | D:6      | Reached XP level 9. HP: 37/45 MP: 12/18
  8281 | D:6      | Reached ** piety under Vehumet
  8281 | D:6      | Offered knowledge of Sting by Vehumet.
  8710 | D:7      | Found Qaril's Magic Scroll Shop.
  8728 | D:7      | Reached skill level 12 in Earth Magic
  9338 | D:7      | Noticed Jessica
  9373 | D:7      | Killed Jessica
  9401 | D:7      | Found a deep blue altar of Sif Muna.
  9847 | D:8      | Noticed a two-headed ogre
  9850 | D:8      | Killed a two-headed ogre
  9850 | D:8      | Offered knowledge of Conjure Flame by Vehumet.
  9850 | D:8      | Reached skill level 13 in Earth Magic
  9850 | D:8      | Reached XP level 10. HP: 53/53 MP: 8/21
  9852 | D:8      | Noticed a two-headed ogre
  9975 | D:7      | Learned a level 3 spell: Conjure Flame
 10255 | D:8      | Killed a two-headed ogre
 10297 | D:8      | Found a hazy altar of Hepliaklqana.
 10322 | D:8      | Reached *** piety under Vehumet
 10370 | D:8      | Found a burning altar of Makhleb.
 10373 | D:8      | Noticed a phantasmal warrior
 10401 | D:8      | Annihilated by a phantasmal warrior

Skill      XL: |  1  2  3  4  5  6  7  8  9 10 |
---------------+-------------------------------+-----
Earth Magic    | 5 6 7 9 11 13 | 13.4
Spellcasting   | 3 4 5 6 7 8 |  8.2
Fighting       | 2 3 |  3.3
Dodging        | 2 3 |  3.1
Stealth        | |  2.1
Transmutations | |  0.7

Action                   |  1- 3 |  4- 6 |  7- 9 | 10-12 || total
-------------------------+-------+-------+-------+-------++-------
Melee: Unarmed           |     4 |       |       |       ||     4
       Dagger            |    11 |   172 |   310 |    11 ||   504
 Cast: Sandblast         |    17 |     2 |    36 |    28 ||    83
       Stone Arrow       |       |    23 |    17 |     1 ||    41
       Petrify           |       |     4 |       |     3 ||     7
       Lee's Rapid Decon |       |       |    21 |     7 ||    28
  Use: Scroll            |       |     1 |       |       ||     1
 Stab: Sleeping          |     1 |     5 |     3 |       ||     9
       Petrified         |       |     5 |       |       ||     5
  Eat: Chunk             |       |    13 |    21 |       ||    34
       Ration            |       |       |     1 |     1 ||     2
Armor: Robe              |     6 |    49 |    90 |     7 ||   152
Dodge: Dodged            |    15 |    86 |   189 |    15 ||   305
